Map: Odyssey LE

Players

TheBlueStuff

  • Race: Zerg Zerg
  • League: Gold
  • Spawn Location: 5:00

Juxtapose - Winner!

  • Race: Zerg Zerg
  • League: Gold
  • Spawn Location: 11:00

VOD

https://youtu.be/hPposiU470k

Description

I was surprised to find myself pitted against another Gold League opponent, seeing as how I'm about 5 MMR away from making Platinum League.

This is a Zerg vs Zerg that goes against the norm, with my opponent going heavy on Roaches as well. That makes things a good bit more complicated.

This is also the second time of the day that I'm surprised by a fast Nydus Worm!

Time

  • Played on: Jan. 1, 2018, 2:15 p.m.
  • Length: 13:15
Show
View Real Time Build Order
Export as new Build Order

TheBlueStuff Zerg 

Build Orders: Pool First 

Get SALT Encoding   

  12  0:01  Drone  
  13  0:12  Overlord  
  13  0:17  Drone  
  14  0:30  Drone x2  
  14  0:35  Drone  
  17  0:46  Drone  
  18  0:55  Spawning Pool  
  18  0:56  Drone  
  18  1:17  Drone  
  19  1:20  Hatchery  
  19  1:25  Drone  
  19  1:28  Extractor  
  19  1:30  Drone  
  19  1:42  Queen  
  19  1:43  Zergling x2  
  22  2:00  Overlord  
  22  2:18  Queen  
  22  2:21  Drone  
  22  2:22  Drone x2  
  27  2:34  Drone x2  
  27  2:35  Metabolic Boost  
  29  2:40  Queen  
  31  2:44  Zergling x2  
  31  2:45  Zergling x2  
  33  2:56  Overlord  
  33  2:57  Drone x3  
  36  3:14  Overlord  
  36  3:33  Lair  
  36  3:38  Overlord  
  36  3:39  Drone x2  
  36  3:40  Drone x4  
  42  3:48  Roach Warren  
  41  3:51  Evolution Chamber  
  41  3:52  Drone x5  
  45  4:04  Extractor  
  42  4:22  Zerg Missile Weapons Level 1  
  42  4:28  Hatchery  
  41  4:36  Glial Reconstitution  
  41  4:38  Overlord  
  41  4:46  Overlord, Drone x3, Extractor  
  41  4:47  Overlord  
  41  4:48  Overlord  
  43  5:10  Roach x2  
  43  5:11  Roach x7  
  61  5:21  Drone x2  
  61  5:22  Roach  
  61  5:23  Roach  
  67  5:45  Nydus Network  
  67  5:49  Extractor  
  65  6:05  Roach  
  65  6:06  Roach x6  
  65  6:10  Roach  
  81  6:13  Overlord x2  
  81  6:14  Overlord  
  81  6:15  Zergling x4  
  83  6:21  Roach  
  83  6:22  Roach x3  
  91  6:31  Overlord  
  91  6:33  Roach x3  
  95  7:05  Roach x2  
  99  7:15  Nydus Canal  
  99  7:16  Roach x9  
  99  7:17  Roach x3  
  123  7:36  Roach x2  
  123  7:37  Overlord, Roach  
  125  7:50  Roach  
  124  7:51  Roach x5  
  124  7:54  Queen  
  92  8:10  Roach  
  92  8:11  Roach x6  
  90  8:25  Roach  
  90  8:26  Roach x6  
  90  8:54  Roach x8  
  90  8:55  Roach  
  88  9:26  Hatchery  
  85  9:41  Hydralisk Den  
  84  9:48  Zerg Ground Armor Level 1  
  84  10:06  Overlord, Drone x2  
  86  10:07  Drone x2  
  86  10:08  Drone  
  86  10:11  Drone  
  86  10:12  Drone x11, Evolution Chamber  
  100  10:15  Hatchery  
  100  10:20  Muscular Augments  
  99  10:30  Lurker Den  
  98  10:38  Hydralisk x3  
  104  10:44  Extractor x2  
  102  11:02  Zergling x4  
  102  11:03  Zergling x22  
  115  11:16  Queen  
  117  11:28  Zergling x2  
  117  11:31  Overlord  
  118  11:36  Nydus Canal  
  118  11:50  Hydralisk x4  
  124  11:55  Hydralisk  
  124  12:00  Roach x4  
  124  12:01  Roach x2  
  102  12:10  Zergling x2  
  102  12:11  Zergling x16  
  88  12:30  Zergling x2  
  76  12:44  Roach  
  76  12:45  Roach  
Show
View Real Time Build Order
Export as new Build Order

Juxtapose Zerg - Winner!

Build Orders: Hatch First 

Get SALT Encoding   

  12  0:01  Drone  
  13  0:08  Drone  
  14  0:16  Overlord  
  14  0:34  Drone  
  14  0:35  Drone  
  16  0:51  Hatchery  
  16  0:53  Drone  
  16  1:00  Extractor  
  16  1:01  Drone  
  16  1:14  Spawning Pool  
  16  1:17  Drone  
  16  1:25  Overlord  
  16  1:29  Drone  
  17  1:37  Drone  
  18  1:47  Drone  
  18  1:53  Extractor  
  18  1:54  Drone  
  19  2:01  Queen  
  19  2:08  Queen  
  23  2:18  Zergling x4  
  23  2:20  Zergling x2  
  26  2:24  Zergling x2  
  26  2:29  Zergling x2  
  27  2:36  Drone x2  
  29  2:39  Drone  
  30  2:48  Drone x2  
  32  2:56  Drone  
  33  2:59  Overlord  
  33  3:06  Drone  
  34  3:17  Roach Warren  
  34  3:19  Drone x2  
  35  3:23  Drone  
  36  3:32  Drone x3  
  36  3:33  Drone  
  40  3:44  Drone x4  
  44  3:49  Overlord  
  44  4:05  Spine Crawler  
  42  4:10  Spine Crawler  
  41  4:17  Drone x2  
  41  4:18  Drone  
  41  4:22  Roach x3  
  41  4:23  Overlord  
  50  4:28  Extractor  
  50  4:31  Extractor  
  48  4:35  Drone  
  48  4:36  Drone x2  
  51  4:41  Queen  
  51  4:43  Overlord  
  51  4:44  Roach  
  51  4:45  Roach  
  57  4:55  Evolution Chamber, Roach  
  57  4:59  Lair  
  58  5:11  Roach x4  
  58  5:14  Overlord  
  66  5:16  Overlord  
  66  5:36  Drone x3  
  69  5:45  Roach x7  
  69  5:46  Overlord  
  69  5:49  Overlord  
  83  5:57  Zerg Missile Weapons Level 1  
  83  6:12  Roach x4  
  83  6:18  Hydralisk Den  
  90  6:25  Roach x2  
  94  6:27  Roach x2  
  94  6:28  Drone  
  94  6:29  Overlord  
  99  6:53  Roach x4  
  99  6:54  Roach x2  
  106  6:56  Overlord x2  
  107  7:16  Overseer  
  107  7:17  Hydralisk x2  
  107  7:18  Hydralisk x3  
  107  7:21  Glial Reconstitution  
  117  7:26  Muscular Augments  
  117  7:29  Hydralisk  
  111  7:44  Hydralisk x3  
  111  7:45  Hydralisk  
  103  7:53  Zerg Ground Armor Level 1  
  103  7:54  Hydralisk  
  81  8:11  Hydralisk x3  
  83  8:13  Roach x2  
  57  8:27  Hydralisk  
  57  8:28  Hydralisk x3  
  52  8:53  Roach x4  
  52  8:54  Roach x2  
  53  9:10  Drone x2  
  53  9:11  Queen  
  53  9:13  Queen  
  59  9:17  Drone  
  58  9:37  Drone x2  
  60  9:40  Roach x2  
  60  9:41  Roach  
  66  9:47  Drone  
  67  9:55  Drone x3  
  67  9:59  Roach x2  
  74  10:06  Hydralisk  
  76  10:28  Hydralisk  
  76  10:32  Drone  
  76  10:33  Hydralisk  
  76  10:34  Hatchery  
  80  10:51  Roach x5  
  80  10:54  Roach  
  92  11:12  Hydralisk x4  
  100  11:29  Roach x2  
  100  11:30  Roach x3  
  110  11:45  Hydralisk x4  
  108  12:01  Roach x3  
  108  12:02  Roach  
  104  12:15  Spine Crawler  
  97  12:16  Spine Crawler  
  97  12:20  Spine Crawler  
  86  12:23  Roach  
  86  12:24  Roach  
  90  12:42  Roach x3  
  96  12:56  Roach x2  
Tags
 
League
GoldGold
Matchup
ZvZ
Race
Zerg
Spawn Locations
Cross Positions
Add a new tag
Caveats
  • Supply blocks, unpowered buildings, or Contaminate may cause inaccurate times.
  • Supply counts are checked every 10 seconds.